AoeStats
← prsdntsdghtr

African Clearing

510714090Analyzed
4v4 RM · 2d ago on Oct 2, 2026· 61m 12s· 8 players
Game mode
Random Map
Map size
Large (8 player)
Population
200
Speed
Normal
Resources
Standard
Victory
Conquest
Starting age
Dark Age
Ending age
Imperial Age
RankedLock teamsTeams togetherTeam positionsShared explorationLock speedFull tech treeHidden civsTurbo modeCheats
Victory
Defeat
🇩🇪 Britons · Germany
1217
+14
🇳🇱 Franks · Netherlands
1186
+15
1170
+16
🇵🇰 Burgundians · Pakistan
1159
+17
🇩🇪 Poles · Germany
1233
-17
🇨🇳 Koreans · China
1198
-17
🇨🇳 Cumans · China
1162
-15
🇨🇳 Huns · China
1101
-13
NSN WAJID
9:02 Double-Bit Axe
14:35 Horse Collar
14:48 Gold Mining
14:49 Stone Mining
14:59 Loom
15:52 Wheelbarrow
18:09 Feudal Age
18:13 Wheelbarrow
20:39 Bow Saw
21:17 Gold Shaft Mining
22:58 Castle Age
21:37 Heavy Plow
23:06 Hand Cart
24:17 Cavalier
25:00 Husbandry
25:08 Scale Barding Armor
25:13 Forging
28:47 Two-Man Saw
28:21 Crop Rotation
29:48 Iron Casting
38:35 Squires
38:20 Arson
38:08 Pikeman
44:13 Chain Barding Armor
47:43 Scale Mail Armor
51:08 Imperial Age
51:04 Arson
51:58 Chain Mail Armor
52:18 Halberdier
53:12 Paladin
53:43 Capped Ram
56:17 Chemistry
55:37 Ballistics
Holako
3:25 Loom
15:46 Feudal Age
16:19 Double-Bit Axe
24:44 Castle Age
23:24 Gold Mining
24:34 Fletching
24:46 Padded Archer Armor
25:58 Bow Saw
25:10 Crossbowman
26:00 Bodkin Arrow
25:55 Horse Collar
28:57 Leather Archer Armor
31:46 Ballistics
33:13 Forging
33:03 Scale Mail Armor
32:26 Pikeman
33:07 Squires
32:52 Arson
41:39 Iron Casting
41:19 Chain Mail Armor
44:19 Wheelbarrow
44:27 Heavy Plow
46:24 Chain Mail Armor
50:14 Imperial Age
48:00 Hand Cart
50:25 Arbalester
51:33 Conscription
52:27 Chemistry
51:09 Capped Ram
55:04 Two-Man Saw
54:08 Halberdier
54:47 Town Watch
59:33 Town Patrol
61:29 Bracer
62:08 Ring Archer Armor
62:39 Blast Furnace
62:09 Plate Mail Armor
ふわふわ☆お姫様
4:29 Loom
14:59 Feudal Age
15:43 Double-Bit Axe
15:42 Horse Collar
20:16 Castle Age
19:56 Padded Archer Armor
21:50 Bow Saw
22:45 Wheelbarrow
23:04 Husbandry
23:17 Bloodlines
23:27 Gold Mining
24:26 Thumb Ring
27:35 Fletching
28:00 Leather Archer Armor
28:50 Ballistics
29:31 Masonry
30:49 Bodkin Arrow
33:43 Hand Cart
33:16 Town Watch
39:35 Imperial Age
41:11 Parthian Tactics
40:54 Bracer
41:24 Ring Archer Armor
42:24 Two-Man Saw
42:22 Heavy Cavalry Archer
43:21 Elite Skirmisher
44:34 Ring Archer Armor
48:47 Conscription
prsdntsdghtr
3:40 Loom
15:54 Feudal Age
18:04 Double-Bit Axe
21:17 Castle Age
20:15 Scale Barding Armor
24:23 Wheelbarrow
27:06 Husbandry
31:28 Forging
33:11 Gold Mining
33:41 Hand Cart
33:57 Bow Saw
37:30 Elite Skirmisher
41:15 Imperial Age
38:59 Fletching
39:10 Padded Archer Armor
42:31 Conscription
42:23 Gold Mining
42:24 Stone Mining
42:22 Town Watch
42:48 Cavalier
44:27 Iron Casting
43:51 Bodkin Arrow
46:01 Chemistry
46:36 Gold Shaft Mining
49:52 Ballistics
53:39 Leather Archer Armor
55:08 Pikeman
55:48 Squires
60:58 Masonry
60:53 Paladin
软脚虾3号
tugou
8:44 Loom
14:00 Feudal Age
18:14 Castle Age
17:22 Double-Bit Axe
19:27 Bow Saw
19:02 Fishing Lines
21:20 Fletching
22:18 Bodkin Arrow
23:42 Gold Mining
27:14 Ballistics
27:41 Wheelbarrow
28:52 Stone Mining
31:38 Imperial Age
29:04 Horse Collar
30:20 Hand Cart
32:45 Conscription
33:21 Bracer
33:59 Elite War Wagon
36:43 Gold Shaft Mining
37:58 Chemistry
39:01 Husbandry
40:12 Two-Man Saw
44:12 Heavy Rocket Cart
45:57 Masonry
52:08 Architecture
53:00 Siege Engineers
56:10 Shinkichon
离岛
4:29 Loom
15:42 Feudal Age
19:58 Castle Age
18:26 Stone Mining
18:43 Double-Bit Axe
19:41 Horse Collar
26:46 Bloodlines
27:21 Husbandry
29:06 Scale Barding Armor
30:00 Marauders
30:45 Forging
30:56 Chain Barding Armor
31:09 Gold Mining
38:45 Iron Casting
41:29 Elite Skirmisher
45:56 Padded Archer Armor
46:41 Fletching
48:45 Ballistics
49:28 Bodkin Arrow
49:48 Leather Archer Armor
58:29 Imperial Age
57:10 Heavy Plow
57:24 Bow Saw
59:28 Bracer
60:31 Chemistry
朱月白
7:47 Loom
9:02 Loom
9:18 Loom
13:30 Feudal Age
14:20 Double-Bit Axe
17:20 Horse Collar
24:24 Castle Age
23:25 Bloodlines
23:25 Scale Barding Armor
24:22 Gold Mining
26:17 Forging
29:46 Chain Barding Armor
30:31 Iron Casting
35:04 Wheelbarrow
37:04 Stone Mining
41:25 Capped Ram
44:15 Scale Mail Armor
51:27 Imperial Age
51:43 Steppe Husbandry
51:45 Cavalier
51:48 Light Cavalry
51:59 Onager
52:21 Pikeman
53:03 Squires
52:49 Arson
53:47 Plate Barding Armor
53:40 Bow Saw
53:35 Heavy Plow
54:39 Blast Furnace
53:55 Chain Mail Armor
53:42 Hussar
55:56 Paladin
58:11 Hand Cart
Connection lost

Rejoining the realm…

Still unreachable

The connection could not be restored.

Session expired

The server has moved on; the page needs a fresh start.